cohdb
Replays
Latest Replays
All Replays
Popular Replays
Top Player Replays
Match Explorer
How It Works
Community
CoH3 Stats
Reddit
Sign in to upload your games and track your stats! →
Sign in with Steam
Match 45526790
Unlisted
Match 45526790
Overview
Messages
Build Orders
End
Kettenkrad Recon Vehicle
Construct Infanterie Kompanie
Selects Breakthrough Battlegroup
Grenadier Squad
Grenadier Squad
GrW 34 Mortar Team
Grenadier Squad
Selects Assault Grenadiers
Selects Breakthrough
Construct Luftwaffe Kompanie
221 Scout Car
Pioneer Squad
Flak 30 Anti-aircraft Gun Team
Selects Mechanized Assault Group
Selects Rapid Production
Support Elements
Mechanized Assault Group
Medical Station
Marder III M Tank Destroyer
MG 42 Bunker
Selects Blitzkrieg
Marder III M Tank Destroyer
Luftwaffe Officer Quarters
Medical Bunker
Marder III M Tank Destroyer
Kettenkrad Recon Vehicle
Selects Tiger Heavy Tank
Tiger Heavy Tank
Pioneer Squad
Wirbelwind Flakpanzer
MG 42 Bunker
Repair Bunker
Tiger Heavy Tank
Pioneer Squad
Pioneer Squad
crywo1f
bananaphil
Sihubergen
Thmln
0
0
Comments
sign in to comment!
No comments posted yet!